 Dungeon Crawl Stone Soup version 0.28-a0-1624-g820543e53a (webtiles) character file.

Game seed: 8349425725646558505

610440 enile the Slayer (level 27, -9/246 HPs)
             Began as a Vine Stalker Fighter on Jan 24, 2022.
             Was the Champion of the Shining One.
             Mangled by a golden dragon (16 damage)
             ... on level 1 of the Realm of Zot.
             The game lasted 03:50:02 (56844 turns).

enile the Slayer (Vine Stalker Fighter)            Turns: 56844, Time: 03:50:03

Health: -9/246     AC: 31    Str: 30    XL:     27
Magic:  0/33       EV:  6    Int:  4    God:    the Shining One [******]
Gold:   4100       SH: 25    Dex: 10    Spells: 38/42 levels left

rFire   + + .      SeeInvis .   w - +8 flail "Nacufur" {elec, rCorr Str+4}
rCold   + . .      Faith    .   u - +7 tower shield {rF+}
rNeg    + + +      Spirit   +   K - +6 plate armour of Oily Tender Moments {Dex-4 Slay+5}
rPois   +          Reflect  .   d - +0 hat of the Valley of Death {rPois rC++ Regen+ rCorr}
rElec   +          Harm     .   e - +2 cloak {rPois}
rCorr   +          Rampage  .   Q - -3 pair of gloves of Toemmawesy {rElec rC- rCorr Slay+5}
Will    ++++.      Rage     1%  N - +0 pair of boots of Ahessofof {Will+}
Stlth   ..........              f - amulet of Miracles {Acrobat rCorr Str+4 Int-4 Stlth+}
HPRegen 2.11/turn               P - ring of Guqot {rPois rF+ rCorr Int-2 Dex-5 Stlth+}
MPRegen 0.23/turn               X - ring "Mosiedun" {Fly rN++ Str+2}

@: berserking, flying, glowing, constricted, studying Hexes, very quick
A: fangs 3, regeneration 1, magic shield, antimagic bite, no potion heal 2,
iridescent scales 1, berserk 1, clumsy 1, deterioration 1, low mp 1, weak 2
}: 4/15 runes: decaying, serpentine, slimy, silver
a: Renounce Religion, Divine Shield, Cleansing Flame, Summon Divine Warrior,
Brand Weapon With Holy Wrath


You were on level 1 of the Realm of Zot.
You worshipped the Shining One.
The Shining One was exalted by your worship.
You visited 10 branches of the dungeon, and saw 49 of its levels.
You also visited: Gauntlet, Ice Cave and Desolation.

You collected 10029 gold pieces.
You spent 5929 gold pieces at shops.

Inventory:

Hand Weapons
 w - the +8 flail "Nacufur" (weapon) {elec, rCorr Str+4}
   (You took it off a deep elf annihilator on level 3 of the Elven Halls)

   It occasionally discharges a powerful burst of electricity upon striking a
   foe.
   Str:       It affects your strength (+4).
   rCorr:     It protects you from acid and corrosion.
Armour
 d - the +0 hat of the Valley of Death (worn) {rPois rC++ Regen+ rCorr}
   (You found it on level 4 of the Dungeon)

   rC:        It greatly protects you from cold.
   rPois:     It protects you from poison.
   Regen:     It increases your rate of health regeneration.
   rCorr:     It protects you from acid and corrosion.
 e - a +2 cloak of poison resistance (worn)
 p - a +0 kite shield of protection
 u - a +7 tower shield of fire resistance (worn)
 y - +4 storm dragon scales {Bai Suzhen}
 K - the +6 plate armour of Oily Tender Moments (worn) {Dex-4 Slay+5}
   (You found it on level 8 of the Dungeon)

   Dex:       It affects your dexterity (-4).
   Slay:      It affects your accuracy & damage with ranged weapons and melee
   (+5).
 N - the +0 pair of boots of Ahessofof (worn) {Will+}
   (You found it in a Gauntlet)

   Will:      It increases your willpower.
 Q - the -3 pair of gloves of Toemmawesy (worn) {rElec rC- rCorr Slay+5}
   (You found it on level 3 of the Elven Halls)

   Slay:      It affects your accuracy & damage with ranged weapons and melee
   (+5).
   rC:        It makes you vulnerable to cold.
   rElec:     It insulates you from electricity.
   rCorr:     It protects you from acid and corrosion.
 T - the +3 faerie dragon scales {Contam rN+ Regen+ rCorr}
   (You took it off the Enchantress on level 4 of the Depths)

   rN:        It protects you from negative energy.
   Contam:    It causes magical contamination when unequipped.
   Regen:     It increases your rate of health regeneration.
   rCorr:     It protects you from acid and corrosion.
Jewellery
 b - the ring of Piulopily {rElec rC+ Will+}
   (You found it on level 6 of the Lair of Beasts)

   [ring of willpower]

   rC:        It protects you from cold.
   rElec:     It insulates you from electricity.
   Will:      It increases your willpower.
 f - the amulet of Miracles (around neck) {Acrobat rCorr Str+4 Int-4 Stlth+}
   (You took it off a deep elf annihilator on level 3 of the Elven Halls)

   [amulet of the acrobat]

   It increases your evasion while moving and waiting.
   Str:       It affects your strength (+4).
   Int:       It affects your intelligence (-4).
   rCorr:     It protects you from acid and corrosion.
   Stlth:     It makes you more stealthy.
 o - an amulet of regeneration
 P - the ring of Guqot (left hand) {rPois rF+ rCorr Int-2 Dex-5 Stlth+}
   (You found it in the Desolation of Salt)

   [ring of protection from fire]

   Int:       It affects your intelligence (-2).
   Dex:       It affects your dexterity (-5).
   rF:        It protects you from fire.
   rPois:     It protects you from poison.
   rCorr:     It protects you from acid and corrosion.
   Stlth:     It makes you more stealthy.
 V - the ring "Jilaph" {Fire +Blink rCorr Int+5}
   (You found it on level 5 of the Pits of Slime)

   [ring of fire]

   It enhances your fire magic.
   Int:       It affects your intelligence (+5).
   rF:        It protects you from fire.
   rC:        It makes you vulnerable to cold.
   +Blink:    It lets you blink.
   rCorr:     It protects you from acid and corrosion.
 X - the ring "Mosiedun" (right hand) {Fly rN++ Str+2}
   (You found it in the Desolation of Salt)

   [ring of flight]

   Str:       It affects your strength (+2).
   rN:        It greatly protects you from negative energy.
   Fly:       It grants you flight.
 Z - the necklace of Bloodlust {*Rage Will++ Int-3 Slay+6}
   (You found it on level 2 of the Depths)

   [amulet of nothing]

   It extends the wearer's berserk rage when killing foes.
   Int:       It affects your intelligence (-3).
   Slay:      It affects your accuracy & damage with ranged weapons and melee
   (+6).
   *Rage:     It berserks you when you make melee attacks (+50% chance).
   Will:      It greatly increases your willpower.
Wands
 c - a wand of digging (9)
 q - a wand of mindburst (17)
 t - a wand of charming (19)
 C - a wand of iceblast (19)
 J - a wand of acid (13)
 R - a wand of flame (47)
 Y - a wand of paralysis (11)
Scrolls
 h - 11 scrolls of vulnerability
 j - 28 scrolls of teleportation
 m - 9 scrolls of fog
 n - 8 scrolls of amnesia
 s - 4 scrolls of holy word
 A - 7 scrolls of blinking
 H - 3 scrolls of summoning
 L - 6 scrolls of magic mapping
 M - a scroll of fear
 U - a scroll of brand weapon
 W - 5 scrolls of immolation
Potions
 g - 19 potions of curing
 i - 7 potions of resistance
 k - 6 potions of berserk rage
 l - 8 potions of attraction
 r - 5 potions of mutation
 v - 7 potions of haste
 D - 3 potions of magic
 F - 17 potions of flight
 G - 4 potions of cancellation
 I - 11 potions of brilliance
 O - 5 potions of might
 S - 13 potions of lignification
Miscellaneous
 a - a piece from Xom's chessboard (15/15)
 x - a lightning rod (2/4) (quivered)
 z - a box of beasts
 B - a tin of tremorstones (1/2)
 E - a phantom mirror


   Skills:
 - Level 23.0 Fighting
 - Level 1.4 Long Blades
 - Level 14.0 Maces & Flails
 - Level 6.0 Throwing
 - Level 19.0 Armour
 - Level 6.0 Dodging
 - Level 11.0 Stealth
 - Level 17.0 Shields
 - Level 8.0 Spellcasting
 - Level 2.0 Translocations
 - Level 8.7 Air Magic
 - Level 4.0 Poison Magic
 - Level 18.0 Invocations
 + Level 16.4 Evocations


You had 38 spell levels left.
You knew the following spells:

 Your Spells              Type           Power      Damage    Failure   Level
a - Poisonous Vapours     Pois/Air       12%        N/A       34%         2
b - Blink                 Tloc           6%         N/A       91%         2

Your spell library contained the following spells:

 Spells                   Type           Power      Damage    Failure   Level
 Swiftness                Air            8%         N/A       26%         3
 Corpse Rot               Necr/Air       10%        N/A       63%         2
 Airstrike                Air            4%         N/A       65%         4
 Apportation              Tloc           6%         N/A       80%         1
 Sting                    Tmut/Pois      12%        1d3       80%         1
 Mephitic Cloud           Conj/Pois/Air  5%         N/A       86%         3
 Animate Skeleton         Necr           2%         N/A       97%         1
 Beastly Appendage        Tmut           2%         N/A       97%         1
 Foxfire                  Conj/Fire      4%         2x1d4     97%         1
 Freeze                   Ice            4%         1d3       97%         1
 Magic Dart               Conj           4%         1d3       97%         1
 Pain                     Necr           4%         1d4       97%         1
 Sandblast                Erth           2%         2d4       97%         1
 Slow                     Hex            4%         N/A       97%         1
 Call Imp                 Summ           1%         N/A       99%         2
 Ensorcelled Hibernation  Hex/Ice        2%         N/A       99%         2
 Passwall                 Tmut/Erth      0%         N/A       99%         2
 Scorch                   Fire           2%         2d5       99%         2
 Gell's Gravitas          Tloc           3%         N/A       99%         3
 Ignite Poison            Fire/Tmut/Pois 2%         N/A       99%         3
 Lesser Beckoning         Tloc           3%         N/A       99%         3
 Portal Projectile        Hex/Tloc       4%         N/A       99%         3
 Spider Form              Tmut/Pois      3%         N/A       99%         3
 Teleport Other           Tloc           3%         N/A       99%         3
 Olgreb's Toxic Radiance  Pois           4%         N/A       99%         4
 Summon Lightning Spire   Summ/Air       5%         N/A       99%         4
 Confusing Touch          Hex            1%         N/A       100%        3
 Frozen Ramparts          Ice            2%         1d2       100%        3
 Stone Arrow              Conj/Erth      2%         3d7       100%        3
 Summon Guardian Golem    Hex/Summ       1%         N/A       100%        3
 Tukima's Dance           Hex            1%         N/A       100%        3
 Vampiric Draining        Necr           1%         2d6       100%        3
 Anguish                  Hex/Necr       0%         N/A       100%        4
 Animate Armour           Summ/Erth      2%         N/A       100%        4
 Animate Dead             Necr           0%         N/A       100%        4
 Flame Wave               Conj/Fire      1%         2d4       100%        4
 Hailstorm                Conj/Ice       1%         3d3       100%        4
 Ice Form                 Ice/Tmut       1%         N/A       100%        4
 Iskenderun's Mystic Bla  Conj/Tloc      2%         2d3       100%        4
 Leda's Liquefaction      Hex/Erth       0%         N/A       100%        4
 Passage of Golubria      Tloc           3%         N/A       100%        4
 Petrify                  Tmut/Erth      1%         N/A       100%        4
 Summon Ice Beast         Ice/Summ       1%         N/A       100%        4
 Alistair's Intoxication  Tmut/Pois      2%         N/A       100%        5
 Borgnjor's Vile Clutch   Necr/Erth      0%         N/A       100%        5
 Freezing Cloud           Conj/Ice/Air   1%         6-21      100%        5
 Iskenderun's Battlesphe  Conj           1%         2d6       100%        5
 Lee's Rapid Deconstruct  Erth           0%         3d5*      100%        5
 Manifold Assault         Tloc           3%         N/A       100%        5
 Metabolic Englaciation   Hex/Ice        0%         N/A       100%        5
 Summon Forest            Summ/Tloc      1%         N/A       100%        5
 Yara's Violent Unravell  Hex/Tmut       0%         3d3       100%        5
 Conjure Ball Lightning   Conj/Air       2%         3x3d6     100%        6
 Death Channel            Necr           0%         N/A       100%        6
 Dispersal                Tloc           1%         N/A       100%        6
 Eringya's Noxious Bog    Tmut/Pois      1%         N/A       100%        6
 Simulacrum               Ice/Necr       0%         N/A       100%        6
 Statue Form              Tmut/Erth      0%         N/A       100%        6
 Summon Cactus Giant      Summ           0%         N/A       100%        6
 Enfeeble                 Hex            0%         N/A       100%        7
 Haunt                    Necr/Summ      0%         N/A       100%        7
 Malign Gateway           Summ/Tloc      1%         N/A       100%        7
 Monstrous Menagerie      Summ           0%         N/A       100%        7
 Spellforged Servitor     Conj/Summ      0%         N/A       100%        7
 Storm Form               Tmut/Air       2%         N/A       100%        7
 Summon Hydra             Summ           0%         N/A       100%        7
 Borgnjor's Revivificati  Necr           0%         N/A       100%        8
 Discord                  Hex            0%         N/A       100%        8
 Disjunction              Tloc           1%         N/A       100%        8
 Maxwell's Capacitive Co  Air            4%         ∞         100%        8
 Necromutation            Tmut/Necr      0%         N/A       100%        8
 Summon Horrible Things   Summ           0%         N/A       100%        8
 Chain Lightning          Conj/Air       2%         3d3       100%        9
 Death's Door             Necr           0%         N/A       100%        9
 Dragon's Call            Summ           0%         N/A       100%        9
 Fire Storm               Conj/Fire      0%         6d1       100%        9
 Shatter                  Erth           0%         3d5*      100%        9


Dungeon Overview and Level Annotations

Branches:
Dungeon (15/15)            Temple (0/1) D:4            Lair (6/6) D:11
  Swamp (4/4) Lair:3        Snake (4/4) Lair:3        Slime (5/5) Lair:6
    Orc (2/2) D:9             Elf (3/3) Orc:2        Vaults (5/5) D:13
  Crypt (0/3) Vaults:3     Depths (4/4) D:15            Zot (1/5) Depths:4
  IceCv (visited)         Desolation (visited)      Gauntlet (visited)

Altars:
Dithmenos
Elyvilon
Kikubaaqudgha
Makhleb
Sif Muna
Trog
Uskayaw
Vehumet
Wu Jian
Xom
Yredelemnul
The Shining One
Beogh
Jiyva

Shops:
D:4 [   D:8 *   D:12 [   Orc:2 !(==   Elf:2 (   Vaults:1 ?   Vaults:5 !?
Depths:1 :=:   Depths:2 [!:

Portals:
Hell: Depths:1 Depths:2 Depths:3
Abyss: Depths:3
Pandemonium: Depths:2 Depths:3
Ziggurat: Depths:4

Annotations:
Depths:1 3 runed translucent doors, oldriver's ghost, adept NaVM
Depths:3 2 runed translucent doors


Innate Abilities, Weirdness & Mutations

You have razor-sharp teeth.
Your natural rate of healing is unusually fast.
When hurt, damage is shared between your health and your magic reserves.
Your bite disrupts and absorbs the magic of your enemies.
Potions cannot restore your health.
You are partially covered in iridescent scales. (AC +2)
You tend to lose your temper in combat.
You are clumsy. (Dex -2)
Your body sometimes deteriorates upon taking damage.
Your magical capacity is low. (-10% MP)
You are very weak. (Str -4)


Message History

The yellow draconian hits you with a +0 mace!
The tentacled monstrosity tentacle-slaps you!
You block the tentacled monstrosity's attack.
The tentacled monstrosity tentacle-slaps you but does no damage.
The tentacled monstrosity constricts you.
The white draconian hits you from afar with a +0 glaive!!
* * * LOW HITPOINT WARNING * * *
You block the golden dragon's attack. x2
The golden dragon tramples you but does no damage.
Unknown command.
Okay, then.
You sock the tentacled monstrosity!
The tentacled monstrosity is lightly wounded.
The yellow draconian hits you with a +0 mace.
You block the tentacled monstrosity's attack. x2
The tentacled monstrosity tentacle-slaps you but does no damage.
The tentacled monstrosity constricts you.
You block the white draconian's attack.
The moth of wrath bites you but does no damage.
You block the golden dragon's attack. x2; The golden dragon tramples you.
* * * LOW HITPOINT WARNING * * *
You are held in place!
The white draconian barely misses you.
Okay, then.
You are too berserk!
You are too berserk!
You flatten the white draconian like a pancake!!!
Lightning courses through the white draconian!
You kill the white draconian!
The yellow draconian hits you with a +0 mace!
* * * LOW HITPOINT WARNING * * *
You block the white draconian's attack.
The tentacled monstrosity tentacle-slaps you!
* * * LOW HITPOINT WARNING * * *
You block the tentacled monstrosity's attack. x2
The tentacled monstrosity constricts you.
* * * LOW HITPOINT WARNING * * *
The golden dragon bites you. The golden dragon claws you!!
* * * LOW HITPOINT WARNING * * *
The golden dragon tramples you!
You die...

## #.. #..#
#..# #...##
#.....#
##d.?....
##Xy......
#@dd.....#
#y)D##..###
#...## D#
#.#..# #
#.##..# #..
#..# #..
#... ..
#...


You could see a tentacled monstrosity (berserk), a golden dragon (berserk), a
yellow draconian (berserk), 2 draconians and 2 moths of wrath.

Vanquished Creatures
  the Royal Jelly (Slime:5)
  2 dread liches (Vaults:5)
  2 ancient liches (Vaults:5)
  2 juggernauts (Depths:3)
  the Lernaean hydra (Swamp:4)
  Bai Suzhen (Vaults:4)
  Nikola (Elf:1)
  5 golden dragons
  the Enchantress (Depths:4)
  A bone dragon (Depths:4)
  5 tentacled monstrosities
  An Ice Fiend (Snake:3)
  3 walking crystal tomes
  Rupert (D:15)
  3 deep elf blademasters
  9 liches
  2 deep elf master archers (Elf:3)
  2 quicksilver dragons
  6 titans
  28 acid blobs
  2 walking earthen tomes
  2 walking divine tomes
  9 sphinxes
  An ancient champion (Vaults:3)
  7 shadow dragons
  Frances (Swamp:2)
  7 tengu reavers
  6 storm dragons
  Donald (Elf:1)
  5 nagarajas (Snake:4)
  12 rockslimes
  Roxanne (Elf:1)
  20 azure jellies
  13 fire giants
  19 vault wardens
  10 frost giants
  A draconian scorcher (Depths:4)
  4 deep elf sorcerers
  A draconian shifter (Depths:4)
  7 iron dragons
  The ghost of Ineisoh the Eclecticist, a journeyman DjFE of Gozag (D:14)
  An orc warlord (Vaults:2)
  Louise (Snake:1)
  16 very ugly things
  3 deep elf elementalists (Elf:3)
  A quicksilver ooze (shapeshifter) (Vaults:1)
  4 war gargoyles
  8 quicksilver oozes
  11 ironbound thunderhulks
  A broodmother (shapeshifter) (Depths:2)
  21 ironbound preservers
  16 stone giants
  8 spriggan defenders
  5 vampire knights
  6 deep elf demonologists
  4 black draconians
  3 eleionomae (Swamp:3)
  2 white draconians
  A purple draconian (Depths:4)
  A minotaur (Gauntlet)
  2 bunyips
  6 deep elf annihilators
  11 dire elephants
  7 spark wasps
  2 halazid warlocks (Desolation)
  2 entropy weavers
  16 ettins
  A crystal guardian (Desolation)
  An eidolon (D:14)
  6 deep elf death magi
  A green death (Depths:2)
  3 deep elf high priests
  13 fire dragons
  A shambling mangrove (Swamp:4)
  29 vault guards
  3 ragged hierophants (Desolation)
  7 ice dragons
  12 yaktaur captains
  Harold (D:8)
  15 great orbs of eyes
  6 boulder beetles
  A salamander tyrant (Snake:4)
  Erolcha (Orc:2)
  2 servants of whispers (Desolation)
  4 spriggan air magi
  4 rakshasas
  A ghost crab (Swamp:1)
  4 anacondas
  23 hydras
  4 ogre magi
  3 peacekeepers (Desolation)
  2 catoblepae
  16 naga warriors
  18 centaur warriors
  Erica (Lair:2)
  10 ironbound frosthearts
  7 alligators
  2 death knights (D:14)
  13 tengu warriors
  12 two-headed ogres
  24 dancing weapons
  11 deep troll shamans
  16 deep troll earth magi
  6 spriggan berserkers
  A death yak (shapeshifter) (Vaults:5)
  A titan zombie (D:15)
  4 vampire magi
  10 naga sharpshooters
  Urug (Lair:3)
  An orc high priest (Orc:2)
  18 hell knights
  4 shock serpents
  8 sun demons (Depths:1)
  Nergalle (Lair:4)
  Sonja (Lair:4)
  A shadow wraith (D:13)
  5 salamander mystics
  A soul eater (Vaults:3)
  15 deep elf knights
  A sea snake (shapeshifter) (Depths:2)
  2 goliath frogs (shapeshifter)
  4 sixfirhies (Gauntlet)
  3 spriggan druids
  68 deep trolls
  5 iron trolls
  5 skeletal warriors
  3 goliath frogs
  A glowing orange brain (shapeshifter) (Depths:2)
  3 flayed ghosts
  A steelbarb worm (shapeshifter) (Vaults:5)
  An obsidian statue (IceCv)
  3 deep elf archers
  4 lindwurms
  25 ironbound convokers
  10 swamp dragons
  2 glowing orange brains (Depths:1)
  2 naga ritualists
  10 wizards
  Pikel (D:5)
  A sphinx zombie (Depths:1)
  11 necromancers
  An orange crystal statue (Gauntlet)
  11 harpies
  5 bog bodies
  10 orc knights
  8 phantasmal warriors
  A lindwurm (shapeshifter) (Depths:3)
  A tengu zombie (Vaults:4)
  23 deep elf pyromancers
  2 human zombies
  7 mana vipers
  A harpy (shapeshifter) (Vaults:5)
  A frost giant zombie (Depths:1)
  A wolf spider (shapeshifter) (Vaults:1)
  A sphinx skeleton (Depths:1)
  55 ugly things
  13 orc sorcerers
  A wolf spider (D:15)
  24 deep elf zephyrmancers
  A fire giant zombie (Vaults:3)
  A faun (shapeshifter) (Vaults:5)
  A wolf spider zombie (D:14)
  6 cyclopes
  5 shining eyes
  12 salamanders
  2 manticores
  6 will-o-the-wisps
  A frost giant skeleton (Vaults:3)
  19 naga magi
  A fire giant skeleton (Vaults:3)
  A torpor snail (Lair:5)
  An elephant (shapeshifter) (Depths:3)
  20 vault sentinels
  6 eyes of devastation
  2 eyes of devastation (shapeshifter)
  A torpor snail (shapeshifter) (Vaults:5)
  A smoke demon (Depths:2)
  16 elephants
  6 molten gargoyles (Desolation)
  5 guardian serpents
  A hellion (Depths:1)
  29 cane toads
  20 black mambas
  3 rime drakes
  2 yaktaur zombies
  21 yaktaurs
  2 kobold demonologists (D:14)
  4 tengu conjurers
  2 ice devils
  A yaktaur (shapeshifter) (Elf:3)
  A golden dragon simulacrum (IceCv)
  A spriggan skeleton (Depths:1)
  10 komodo dragons
  An entropy weaver simulacrum (Swamp:4)
  3 anaconda simulacra (IceCv)
  14 freezing wraiths
  A hellwing (Depths:2)
  6 trolls
  A red devil (Depths:2)
  2 bloated husks
  A harpy zombie (D:14)
  12 hornets
  A polar bear (shapeshifter) (Elf:3)
  3 polar bears
  8 tyrant leeches
  28 blink frogs
  113 slime creatures
  3 meliai (D:15)
  A tarantella (Vaults:3)
  Prince Ribbit (Lair:2)
  9 dream sheep (Lair:5)
  A raiju (shapeshifter) (D:13)
  A blink frog (shapeshifter) (D:15)
  A merfolk (shapeshifter) (Vaults:5)
  35 saltlings (Desolation)
  A dream sheep (shapeshifter) (Vaults:2)
  A spriggan zombie (D:15)
  A culicivora (Vaults:3)
  An ettin zombie (D:15)
  A snapping turtle (shapeshifter) (Depths:3)
  A human simulacrum (Vaults:1)
  3 air elementals
  5 flying skulls
  14 spriggans
  A shadow (D:11)
  3 dire elephant simulacra (IceCv)
  A water elemental (Elf:2)
  4 wyverns
  A wraith (D:14)
  A vampire (D:11)
  61 yaks
  Grum (D:8)
  Eustachio (D:3)
  23 golden eyes
  4 basilisks
  4 fire bats (Depths:1)
  4 fire elementals
  4 minotaur simulacra
  A yaktaur simulacrum (Vaults:1)
  3 steam dragons
  5 redbacks
  A redback (shapeshifter) (Vaults:4)
  23 vampire mosquitoes
  A neqoxec (Depths:2)
  12 swamp worms
  Edmund (D:4)
  3 harpy simulacra (IceCv)
  56 nagas
  A swamp worm (shapeshifter) (Vaults:5)
  4 wargs
  17 water moccasins
  2 acid dragons
  A floating eye (Slime:2)
  Duvessa (D:5)
  3 hydra simulacra (IceCv)
  4 swamp drakes
  32 orc warriors
  A black bear (shapeshifter) (Elf:3)
  A hornet zombie (D:7)
  2 black bears
  2 sky beasts
  An ice beast (shapeshifter) (Depths:2)
  3 ice beasts
  11 wolves
  2 ettin simulacra (IceCv)
  11 ogres
  12 centaurs
  4 alligator simulacra (IceCv)
  2 human skeletons (Vaults:4)
  An elf simulacrum (Vaults:4)
  A phantom (D:6)
  6 kobold brigands
  16 bullfrogs
  4 scorpions
  9 earth elementals
  A deep troll simulacrum (IceCv)
  Dowan (D:5)
  8 killer bees
  4 lindwurm simulacra
  9 wights
  4 howler monkeys
  4 electric eels
  8 centaur zombies
  3 jellies
  4 hounds
  21 orc priests
  15 centaur skeletons
  3 iguanas
  33 orc wizards
  A hound skeleton (D:5)
  2 howler monkey zombies
  A howler monkey skeleton (D:6)
  4 adders
  3 gnolls (D:4)
  3 white imps
  3 ufetubi
  2 adder skeletons (D:4)
  2 worms
  2 dart slugs
  111 orcs
  3 ball pythons
  8 bats
  3 endoplasms
  A giant cockroach (D:1)
  5 goblins
  5 hobgoblins
  6 jackals
  14 kobolds
  3 quokkas
  3 frilled lizards
  4 rats
  A pillar of salt (Desolation)
2220 creatures vanquished.

Vanquished Creatures (collateral kills)
  An ancient lich (Vaults:5)
  Mara (Swamp:4)
  A dread lich (Vaults:5)
  Mennas (Vaults:3)
  A Tzitzimitl (Vaults:5)
  2 liches
  A quicksilver dragon (Vaults:5)
  4 acid blobs
  2 sphinxes (Vaults:5)
  A thorn hunter (Swamp:4)
  6 rockslimes
  5 azure jellies
  A nagaraja (Snake:4)
  A storm dragon (Vaults:5)
  An imperial myrmidon (Desolation)
  2 deep elf sorcerers (Vaults:5)
  A vault warden (Vaults:1)
  A draconian stormcaller (Depths:4)
  A very ugly thing (Vaults:4)
  A war gargoyle (Vaults:5)
  2 quicksilver oozes (Slime:5)
  2 ironbound preservers
  2 bunyips (Swamp:2)
  An entropy weaver (Vaults:3)
  A dire elephant (Vaults:2)
  2 deep elf death magi
  2 ettins
  A shambling mangrove (Swamp:4)
  2 yaktaur captains
  A deep elf high priest (Vaults:5)
  An ice dragon (Depths:4)
  3 ragged hierophants (Desolation)
  A salamander tyrant (Snake:4)
  2 hydras (Swamp:4)
  An ironbound frostheart (Vaults:2)
  6 naga warriors
  4 vault guards (Vaults:5)
  A peacekeeper (Desolation)
  2 servants of whispers (Desolation)
  A spriggan air mage (Depths:4)
  An alligator (Swamp:2)
  2 deep troll shamans (Vaults:5)
  3 dancing weapons
  3 naga sharpshooters
  3 deep elf knights (Elf:2)
  A hell knight (Vaults:5)
  2 goliath frogs (Swamp:4)
  4 deep trolls
  3 bog bodies
  2 spriggan druids
  A flayed ghost (Depths:3)
  3 swamp dragons
  A spriggan simulacrum (Swamp:4)
  A phantasmal warrior (Vaults:5)
  A wizard (Vaults:2)
  3 deep elf pyromancers
  A naga ritualist (Snake:4)
  A deep elf zephyrmancer (Elf:2)
  3 ugly things (Vaults:2)
  3 harpies (Vaults:2)
  4 ironbound convokers
  6 salamanders
  A necromancer (Vaults:5)
  A mana viper (Snake:3)
  2 will-o-the-wisps (Swamp:4)
  A guardian serpent (Snake:3)
  2 black mambas
  A vault sentinel (Vaults:5)
  2 naga magi (Snake:4)
  A cane toad (Lair:5)
  A yaktaur (Vaults:2)
  An ice devil (IceCv)
  An entropy weaver simulacrum (Swamp:4)
  5 hornets
  7 saltlings (Desolation)
  8 slime creatures
  A slime creature (shapeshifter) (Vaults:5)
  2 dire elephant simulacra (IceCv)
  7 spriggans
  7 yaks
  A vampire mosquito (Swamp:2)
  A minotaur simulacrum (IceCv)
  A swamp worm (Swamp:4)
  6 nagas
  3 swamp drakes (Swamp:4)
  An alligator simulacrum (Swamp:4)
  A deep troll simulacrum (IceCv)
  An orc wizard (Orc:2)
191 creatures vanquished.

Vanquished Creatures (others)
  Asterion (Elf:3)
  A fire giant (Depths:2)
  A war gargoyle (Vaults:5)
  A ragged hierophant (Desolation)
  A hydra (Swamp:1)
  2 alligators (Swamp:3)
  A deep elf pyromancer (Elf:1)
  A hornet (Swamp:3)
  An orc wizard (Orc:2)
  4 demonic plants (Gauntlet)
  34 foxfires
  24 fungi
  A pillar of salt (Desolation)
  82 plants
  3 withered plants
158 creatures vanquished.

Grand Total: 2569 creatures vanquished

Notes
Turn   | Place    | Note
-------+----------+-------------------------------------------
     0 | D:1      | enile the Vine Stalker Fighter began the quest for the Orb.
     0 | D:1      | Reached XP level 1. HP: 11/11 MP: 2/2
   106 | D:1      | Reached XP level 2. HP: 16/16 MP: 3/3
   156 | D:1      | Reached skill level 3 in Fighting
   389 | D:1      | Reached skill level 1 in Spellcasting
   475 | D:1      | Reached XP level 3. HP: 15/20 MP: 4/6
   612 | D:1      | Found a faded altar of an unknown god.
   870 | D:1      | Prayed at the altar of an unknown god.
   870 | D:1      | Became a worshipper of the Shining One
   870 | D:1      | Reached * piety under the Shining One
  1977 | D:3      | Gained mutation: Your natural rate of healing is unusually
                  | fast. [Vine Stalker growth]
  1977 | D:3      | Reached XP level 4. HP: 24/24 MP: 8/8
  2546 | D:4      | Found Nourairi's Antique Armour Shoppe.
  2572 | D:4      | Bought a runed scarf for 192 gold pieces
  2590 | D:4      | Got the Catalogue of Quantum Intoxication
  2608 | D:4      | Noticed Eustachio
  2645 | D:3      | Killed Eustachio
  2646 | D:3      | Reached skill level 4 in Fighting
  2646 | D:3      | Reached XP level 5. HP: 22/29 MP: 6/9
  2646 | D:3      | Reached XP level 6. HP: 25/33 MP: 6/10
  2719 | D:4      | Noticed Edmund
  2749 | D:4      | Killed Edmund
  2750 | D:4      | Reached skill level 5 in Fighting
  2750 | D:4      | Reached skill level 1 in Long Blades
  2750 | D:4      | Reached XP level 7. HP: 34/39 MP: 5/11
  2996 | D:4      | Identified the +0 hat of the Valley of Death {rPois rC++
                  | Regen+ rCorr}
  3020 | D:4      | Found a staircase to the Ecumenical Temple.
  3376 | D:5      | Entered Level 5 of the Dungeon
  3506 | D:5      | Noticed Pikel
  3523 | D:5      | Killed Pikel
  3524 | D:5      | Reached skill level 5 in Stealth
  3524 | D:5      | Gained mutation: You have razor-sharp teeth. [Vine Stalker
                  | growth]
  3524 | D:5      | Reached XP level 8. HP: 30/44 MP: 6/12
  3548 | D:5      | Reached skill level 6 in Fighting
  3576 | D:5      | Noticed Duvessa
  3576 | D:5      | Noticed Dowan
  3634 | D:5      | Killed Duvessa
  3640 | D:5      | Reached skill level 1 in Dodging
  3647 | D:5      | Killed Dowan
  3793 | D:5      | Reached XP level 9. HP: 48/48 MP: 13/13
  4243 | D:6      | Reached ** piety under the Shining One
  4377 | D:6      | Reached skill level 5 in Armour
  4411 | D:6      | Noticed a two-headed ogre
  4649 | D:7      | Found a bloodstained altar of Trog.
  4649 | D:7      | Found a white marble altar of Elyvilon.
  4651 | D:7      | Found a shimmering altar of Xom.
  4651 | D:7      | Found a shimmering blue altar of Sif Muna.
  4651 | D:7      | Found a basalt altar of Yredelemnul.
  4652 | D:7      | Found a shadowy altar of Dithmenos.
  4679 | D:7      | Learned a level 2 spell: Poisonous Vapours
  4700 | D:7      | Learned a level 2 spell: Blink
  4706 | D:7      | Reached skill level 7 in Fighting
  4805 | D:6      | Reached skill level 5 in Invocations
  5153 | D:7      | Reached skill level 5 in Shields
  5219 | D:7      | Reached skill level 1 in Throwing
  5235 | D:7      | Reached skill level 1 in Poison Magic
  5301 | D:7      | Killed a large slime creature
  5302 | D:7      | Reached XP level 10. HP: 49/55 MP: 11/15
  5459 | D:6      | Reached *** piety under the Shining One
  5466 | D:6      | Reached skill level 1 in Translocations
  5675 | D:6      | Killed a two-headed ogre
  5921 | D:8      | Identified the +6 plate armour of Oily Tender Moments
                  | {Dex-4 Slay+5}
  6150 | D:8      | Noticed Grum
  6151 | D:8      | Noticed Harold
  6166 | D:8      | Killed Grum
  6167 | D:8      | Reached skill level 5 in Maces & Flails
  6181 | D:8      | Killed Harold
  6219 | D:8      | Noticed a two-headed ogre
  6226 | D:8      | Killed a two-headed ogre
  6227 | D:8      | Reached skill level 8 in Fighting
  6313 | D:8      | Reached XP level 11. HP: 60/60 MP: 16/16
  7193 | D:8      | Found Jawann's General Store.
  7207 | D:8      | Bought 5 poisoned darts for 22 gold pieces
  7207 | D:8      | Bought 2 poisoned darts for 8 gold pieces
  7861 | D:9      | Found a hide-covered altar of Uskayaw.
  8132 | D:9      | Reached **** piety under the Shining One
  8427 | D:9      | Reached skill level 9 in Fighting
  8435 | D:9      | Found a staircase to the Orcish Mines.
  8570 | D:9      | Found an ornate altar of the Wu Jian Council.
  8694 | D:10     | Entered Level 10 of the Dungeon
  9008 | D:10     | Reached XP level 12. HP: 63/67 MP: 14/18
  9227 | D:10     | Reached skill level 10 in Fighting
  9794 | D:11     | Found a staircase to the Lair.
  9957 | D:11     | Noticed an eight-headed hydra
  9985 | D:11     | Killed an eight-headed hydra
 10080 | D:11     | Noticed a boulder beetle
 10098 | D:11     | Killed a boulder beetle
 10212 | Lair:1   | Entered Level 1 of the Lair of Beasts
 10223 | Lair:1   | Noticed a seven-headed hydra
 10235 | Lair:1   | Killed a seven-headed hydra
 10262 | Lair:1   | Noticed a five-headed hydra
 10268 | Lair:1   | Killed a five-headed hydra
 10276 | Lair:1   | Noticed an eight-headed hydra
 10292 | Lair:1   | Killed an eight-headed hydra
 10346 | Lair:1   | Reached skill level 11 in Fighting
 10454 | Lair:1   | Noticed a seven-headed hydra
 10474 | Lair:1   | Killed a seven-headed hydra
 10579 | Lair:1   | Reached ***** piety under the Shining One
 10583 | Lair:1   | Reached XP level 13. HP: 67/74 MP: 15/19
 10655 | Lair:1   | Identified the +3 whip of Makhleb's Condemnation {protect,
                  | Fragile rPois Will+}
 11629 | Lair:2   | Noticed Prince Ribbit
 11640 | Lair:2   | Killed Prince Ribbit
 11729 | Lair:2   | Noticed Erica
 11740 | Lair:2   | Killed Erica
 11741 | Lair:2   | Reached skill level 10 in Stealth
 12005 | Lair:3   | Found a staircase to the Snake Pit.
 12119 | Lair:3   | Noticed Urug
 12130 | Lair:3   | Killed Urug
 12187 | Lair:3   | Found a staircase to the Swamp.
 13033 | Lair:4   | Reached skill level 12 in Fighting
 13197 | Lair:4   | Noticed Nergalle
 13246 | Lair:4   | Killed Nergalle
 13355 | Lair:4   | Reached skill level 5 in Evocations
 13361 | Lair:4   | Noticed Sonja
 13371 | Lair:4   | Killed Sonja
 13952 | Lair:5   | Reached XP level 14. HP: 69/80 MP: 18/21
 14094 | Lair:5   | Got the Reference Book on Displacement and Conjuration
 14769 | Lair:5   | Reached skill level 13 in Fighting
 15172 | Lair:6   | Entered Level 6 of the Lair of Beasts
 15728 | Lair:5   | Reached XP level 15. HP: 85/86 MP: 22/22
 16047 | Lair:6   | Identified the ring of Piulopily {rElec rC+ Will+}
 16067 | Lair:6   | Identified the +10 falchion "Atucsi" {speed, +Blink SInv}
 16119 | Lair:6   | Found a viscous altar of Jiyva.
 16119 | Lair:6   | Found a staircase to the Slime Pits.
 16700 | Orc:1    | Entered Level 1 of the Orcish Mines
 17169 | Orc:2    | Entered Level 2 of the Orcish Mines
 17335 | Orc:2    | Found a staircase to the Elven Halls.
 18081 | Orc:2    | Reached ****** piety under the Shining One
 18524 | Orc:2    | Found Siucub's Distillery.
 18537 | Orc:2    | Bought a potion of ambrosia for 112 gold pieces
 18537 | Orc:2    | Bought 2 potions of flight for 84 gold pieces
 18537 | Orc:2    | Bought a potion of magic for 112 gold pieces
 18537 | Orc:2    | Bought 2 potions of lignification for 84 gold pieces
 18537 | Orc:2    | Bought 2 potions of attraction for 84 gold pieces
 18553 | Orc:2    | Found a radiant altar of Vehumet.
 18553 | Orc:2    | Noticed Erolcha
 18576 | Orc:2    | Killed Erolcha
 18593 | Orc:2    | Found Riprakk's Antique Weapon Shop.
 18619 | Orc:2    | Found an ancient bone altar of Kikubaaqudgha.
 18635 | Orc:2    | Bought a runed mace for 246 gold pieces
 18659 | Orc:2    | Found Zicoizas's Jewellery Boutique.
 18686 | Orc:2    | Reached skill level 14 in Fighting
 18690 | Orc:2    | Found Ruixtul's Jewellery Boutique.
 18744 | Orc:2    | Bought an amulet of regeneration for 480 gold pieces
 19700 | D:12     | Found Jugicodgh's Antique Armour Shoppe.
 19703 | D:12     | Bought a pair of glowing boots for 240 gold pieces
 20057 | D:13     | Reached skill level 10 in Invocations
 20171 | D:13     | Reached skill level 5 in Throwing
 20198 | D:13     | Found a gate to the Vaults.
 21122 | D:14     | Found a gate leading to a gauntlet.
 21127 | Gauntlet | Entered a Gauntlet
 21127 | Gauntlet | Found a transporter.
 21127 | Gauntlet | Found a transporter.
 21131 | Gauntlet | Found a transporter.
 21131 | Gauntlet | Found a transporter.
 21133 | Gauntlet | Found a large runed translucent door.
 21134 | Gauntlet | Found a large runed translucent door.
 21135 | Gauntlet | Found a large runed translucent door.
 21135 | Gauntlet | Found a large runed translucent door.
 21135 | Gauntlet | Found a runed translucent door.
 21136 | Gauntlet | Found a large runed translucent door.
 21138 | Gauntlet | Found a transporter.
 21148 | Gauntlet | Found a large runed translucent door.
 21149 | Gauntlet | Found a large runed translucent door.
 21150 | Gauntlet | Found a large runed translucent door.
 21151 | Gauntlet | Found a runed translucent gate.
 21151 | Gauntlet | Noticed a balrug
 21155 | Gauntlet | Found a transporter.
 21163 | Gauntlet | Found a transporter.
 21163 | Gauntlet | Found a transporter.
 21185 | Gauntlet | Found a transporter.
 21187 | Gauntlet | Found a runed translucent gate.
 21187 | Gauntlet | Found a runed translucent gate.
 21189 | Gauntlet | Found a large runed translucent door.
 21190 | Gauntlet | Found a large runed translucent door.
 21192 | Gauntlet | Found a transporter.
 21193 | Gauntlet | Found a large runed translucent door.
 21194 | Gauntlet | Found a large runed translucent door.
 21197 | Gauntlet | Found a runed translucent door.
 21208 | Gauntlet | Found a large runed translucent door.
 21208 | Gauntlet | Found a large runed translucent door.
 21209 | Gauntlet | Found a large runed translucent door.
 21210 | Gauntlet | Found a large runed translucent door.
 21243 | Gauntlet | Found a transporter.
 21257 | Gauntlet | Found a transporter.
 21270 | Gauntlet | Found a transporter.
 21344 | Gauntlet | Found a transporter.
 21357 | Gauntlet | Found a transporter.
 21371 | Gauntlet | Found a transporter.
 21711 | Gauntlet | Identified the -1 cloak of Sloth {Harm Stlth+}
 21758 | Gauntlet | Reached skill level 10 in Maces & Flails
 21758 | Gauntlet | Reached XP level 16. HP: 93/93 MP: 24/24
 21824 | Gauntlet | Identified the +7 shortbow of the Jumping Sybil {speed, rF-
                  | rCorr Str+3}
 21854 | Gauntlet | Got the Compendium of the Volcanoes
 21856 | Gauntlet | Identified the +0 helmet "Himnigg" {Harm Fly Str+3 Dex-4}
 21856 | Gauntlet | Identified the +1 chain mail of the Heron {+Blink rF+ Int+3
                  | Dex-4}
 21866 | Gauntlet | Got the Collected Works on Toxins
 21868 | Gauntlet | Identified the +0 pair of boots of Ahessofof {Will+}
 22392 | Snake:1  | Entered Level 1 of the Snake Pit
 23048 | Snake:1  | Noticed Louise
 23072 | Snake:1  | Killed Louise
 23772 | Snake:2  | Identified the +10 mace "Myac" {freeze, rCorr}
 24033 | Snake:2  | Reached skill level 15 in Fighting
 24682 | Snake:3  | Reached skill level 10 in Shields
 24690 | Snake:3  | Reached XP level 17. HP: 93/99 MP: 26/26
 24910 | Snake:3  | Noticed an Ice Fiend
 24927 | Snake:3  | Killed an Ice Fiend
 25169 | Snake:4  | Entered Level 4 of the Snake Pit
 25331 | Snake:4  | Identified the ring of the Camelopard {Wiz Str+4}
 25426 | Snake:4  | Reached skill level 10 in Armour
 25572 | Snake:4  | Reached skill level 5 in Dodging
 26066 | Snake:4  | Identified the +6 flail "Kaczaah" {speed, Fragile Dex+5}
 26176 | Snake:4  | Reached skill level 10 in Evocations
 26699 | Snake:4  | Got a serpentine rune of Zot
 26921 | Swamp:1  | Entered Level 1 of the Swamp
 26946 | Swamp:1  | Reached skill level 16 in Fighting
 27601 | Swamp:2  | Reached XP level 18. HP: 105/105 MP: 27/27
 27680 | Swamp:2  | Noticed a tentacled monstrosity
 27691 | Swamp:2  | Killed a tentacled monstrosity
 27814 | Swamp:2  | Noticed Frances
 27827 | Swamp:2  | Killed Frances
 28951 | Swamp:4  | Entered Level 4 of the Swamp
 28951 | Swamp:4  | Noticed Mara
 28962 | Swamp:4  | Noticed enile's illusion
 29014 | Swamp:4  | Killed Mara
 29071 | Swamp:4  | Found a frozen archway.
 29126 | IceCv    | Entered an ice cave
 29247 | IceCv    | Found an ancient bone altar of Kikubaaqudgha.
 29402 | IceCv    | Noticed a lich
 29420 | IceCv    | Killed a lich
 29704 | Swamp:4  | Reached XP level 19. HP: 59/111 MP: 28/28
 29901 | Swamp:4  | Noticed the 27-headed Lernaean hydra
 29910 | Swamp:4  | Killed the 27-headed Lernaean hydra
 30056 | Swamp:4  | Got a decaying rune of Zot
 30498 | Elf:1    | Entered Level 1 of the Elven Halls
 31070 | Elf:1    | Noticed Donald
 31091 | Elf:1    | Killed Donald
 31092 | Elf:1    | Reached skill level 17 in Fighting
 31546 | Elf:1    | Noticed Nikola
 31562 | Elf:1    | Killed Nikola
 31759 | Elf:1    | Identified Roxanne's Tome of the Mountains
 31759 | Elf:1    | Noticed Roxanne
 31800 | Elf:1    | Killed Roxanne
 32177 | Elf:2    | Paralysed by an air elemental for 1 turns
 32186 | Elf:2    | Paralysed by an air elemental for 1 turns
 32375 | Elf:2    | Found Ahootur's Antique Weapon Shop.
 32398 | Elf:2    | Paralysed by an air elemental for 1 turns
 32614 | Elf:2    | Found a runed translucent gate.
 32615 | Elf:2    | Found a runed translucent gate.
 32615 | Elf:2    | Found a runed translucent gate.
 33306 | Elf:3    | Entered Level 3 of the Elven Halls
 33322 | Elf:3    | Reached skill level 18 in Fighting
 33434 | Elf:3    | Noticed Asterion
 33470 | Elf:3    | Killed Asterion
 33821 | Elf:3    | Noticed a Tzitzimitl
 33827 | Elf:3    | Noticed an Ice Fiend
 33828 | Elf:3    | Reached skill level 5 in Spellcasting
 33828 | Elf:3    | Reached XP level 20. HP: 103/119 MP: 27/29
 33860 | Elf:3    | Noticed a Tzitzimitl
 33864 | Elf:3    | Noticed a Brimstone Fiend
 33986 | Elf:3    | Identified the +8 flail "Nacufur" {elec, rCorr Str+4}
 33986 | Elf:3    | Identified the amulet of Miracles {Acrobat rCorr Str+4
                  | Int-4 Stlth+}
 34089 | Elf:3    | Found the brooch of Shielding {Spirit SH+8}
 34153 | Elf:3    | Got Memn's Catalogue of the Poisonous Voyage
 34201 | Elf:3    | Got the Handbook of Ignition and the Oath
 34232 | Elf:3    | Found the +8 longbow "Zephyr" {speed, Dex+3 SInv}
 34235 | Elf:3    | Identified the -3 pair of gloves of Toemmawesy {rElec rC-
                  | rCorr Slay+5}
 34238 | Elf:3    | Got the Collected Works on Summoning
 34490 | Elf:3    | Identified a scroll of acquirement
 34490 | Elf:3    | Acquired 1115 gold pieces
 34988 | Slime:1  | Entered Level 1 of the Pits of Slime
 36135 | Slime:2  | Gained mutation: You tend to lose your temper in combat. [a
                  | shining eye]
 36460 | Slime:3  | Paralysed by a floating eye for 2 turns
 36465 | Slime:3  | Paralysed by a floating eye for 2 turns
 36470 | Slime:3  | Paralysed by a floating eye for 2 turns
 36970 | Slime:3  | Gained mutation: You are partially covered in iridescent
                  | scales. (AC +2) [a shining eye]
 36972 | Slime:3  | Gained mutation: You are weak. (Str -2) [a shining eye]
 37594 | Slime:4  | Reached XP level 21. HP: 120/123 MP: 30/30
 37681 | Slime:4  | Gained mutation: Your body sometimes deteriorates upon
                  | taking damage. [a shining eye]
 38022 | Slime:5  | Entered Level 5 of the Pits of Slime
 39237 | Slime:4  | Reached skill level 19 in Fighting
 39610 | Slime:5  | Found a viscous altar of Jiyva.
 39611 | Slime:5  | Noticed the Royal Jelly
 39703 | Slime:5  | Killed the Royal Jelly
 40007 | Slime:5  | Identified the ring "Jilaph" {Fire +Blink rCorr Int+5}
 40011 | Slime:5  | Identified the ring "Baoratet" {rC+ Will+ SInv}
 40036 | Slime:5  | Got a slimy rune of Zot
 40039 | Slime:5  | Identified the +9 ice dragon scales "Xygroz" {Harm Drain
                  | rF- rC++ Int+2 Dex+3}
 40157 | Slime:5  | Identified the +3 rapier "Ylifiot" {speed, rF+ rC+ Str+3}
 40176 | Slime:5  | Identified the +6 broad axe of the Jolly Coins {elec, rElec
                  | rC- Int+4}
 40179 | Slime:5  | Identified the +7 scythe of Upheaval {venom, Drain rElec
                  | rF+ Will+}
 40188 | Slime:5  | Got the Disquisition on Sinister Calling
 40238 | Slime:5  | Identified the +8 great sword of a Gauntlet {vorpal, rElec
                  | Str-4 Dex+3}
 40655 | Vaults:1 | Entered Level 1 of the Vaults
 40691 | Vaults:1 | Reached skill level 15 in Shields
 40817 | Vaults:1 | Identified the +2 war axe "Nidykaze" {pain, rC- rN+ Dex+3}
 41231 | Vaults:1 | Reached XP level 22. HP: 128/130 MP: 29/32
 41932 | Vaults:1 | Found Jutat Izeas's Magic Scroll Shoppe.
 41940 | Vaults:1 | Bought a scroll of acquirement for 884 gold pieces
 41940 | Vaults:1 | Bought a scroll of identify for 34 gold pieces
 41940 | Vaults:1 | Bought a scroll of enchant weapon for 127 gold pieces
 41940 | Vaults:1 | Bought a scroll of identify for 34 gold pieces
 41944 | Vaults:1 | Acquired 1073 gold pieces
 42392 | Vaults:2 | Found a crumbling gateway.
 42408 | Desolati | Entered the Desolation of Salt
 42514 | Desolati | Identified the ring of Guqot {rPois rF+ rCorr Int-2 Dex-5
                  | Stlth+}
 42520 | Desolati | Got the Reference Book on Damaging Moulding
 42528 | Desolati | Identified the +11 rapier of the Wary Leylines {venom, rN+
                  | rCorr Str-2}
 42535 | Desolati | Got the Disquisition on Attacks
 42537 | Desolati | Got the Reference Book on the Hurtful Compass
 42626 | Desolati | Identified the ring "Mosiedun" {Fly rN++ Str+2}
 42627 | Desolati | Identified the ring of Zizuclox {rElec rF+++ MP+9 Str-2
                  | Dex-5}
 42648 | Desolati | Got the Papyrus of Congealing Shape Shifting
 42899 | Desolati | Identified the ring "Bonwet" {Fire rN+ Str+2 Dex+3}
 42904 | Desolati | Identified the ring of the Albatross {Wiz rCorr Dex+2}
 42905 | Desolati | Identified the +0 ring mail "Zita" {rF+ Str+8 Dex-5}
 42907 | Desolati | Identified the +1 pair of gloves of Moral Flaws {rPois
                  | Str+2}
 42908 | Desolati | Identified the ring "Byafireo" {EV+4 Str+3}
 43313 | Vaults:2 | Reached skill level 15 in Invocations
 43813 | Vaults:2 | Identified the +6 hand crossbow of Integrity {venom, Contam
                  | rElec Int+3 Dex+9}
 43844 | Vaults:2 | Reached XP level 23. HP: 76/136 MP: 32/35
 44198 | Vaults:2 | Reached skill level 20 in Fighting
 44714 | Vaults:3 | Noticed Mennas
 44747 | Vaults:3 | Killed Mennas
 45571 | Vaults:3 | Found a staircase to the Crypt.
 46249 | Vaults:4 | Acquired 685 gold pieces
 46729 | Vaults:4 | Noticed Bai Suzhen
 46740 | Vaults:4 | Killed Bai Suzhen
 47003 | Vaults:4 | Reached XP level 24. HP: 142/142 MP: 35/35
 47340 | Vaults:5 | Entered Level 5 of the Vaults
 47349 | Vaults:5 | Reached skill level 15 in Evocations
 47732 | Vaults:5 | Noticed a dread lich
 47755 | Vaults:5 | Killed a dread lich
 47904 | Vaults:5 | Noticed a dread lich
 47912 | Vaults:5 | Noticed an ancient lich
 47918 | Vaults:5 | Noticed an ancient lich
 47918 | Vaults:5 | Noticed a dread lich
 47922 | Vaults:5 | Killed a dread lich
 47924 | Vaults:5 | Killed an ancient lich
 47933 | Vaults:5 | Killed a dread lich
 47935 | Vaults:5 | Killed an ancient lich
 48069 | Vaults:5 | Noticed an ancient lich
 48089 | Vaults:5 | Killed an ancient lich
 48241 | Vaults:5 | Reached skill level 21 in Fighting
 48246 | Vaults:5 | Reached XP level 25. HP: 137/149 MP: 32/36
 48496 | Vaults:5 | Gained mutation: Your magical capacity is low. (-10% MP) [a
                  | shining eye]
 48654 | Vaults:5 | Identified the +1 scimitar "Vocsooce" {elec, +Blink rF+}
 48728 | Vaults:5 | Found Corgh's Distillery.
 48733 | Vaults:5 | Bought a potion of might for 60 gold pieces
 48733 | Vaults:5 | Bought a potion of curing for 45 gold pieces
 48733 | Vaults:5 | Bought a potion of curing for 45 gold pieces
 48733 | Vaults:5 | Bought a potion of berserk rage for 75 gold pieces
 48733 | Vaults:5 | Bought a potion of curing for 45 gold pieces
 48733 | Vaults:5 | Bought a potion of attraction for 45 gold pieces
 48783 | Vaults:5 | Found Fosom's Magic Scroll Shop.
 48788 | Vaults:5 | Bought a scroll of teleportation for 39 gold pieces
 48788 | Vaults:5 | Bought a scroll of teleportation for 39 gold pieces
 48788 | Vaults:5 | Bought a scroll of teleportation for 39 gold pieces
 48788 | Vaults:5 | Bought a scroll of torment for 97 gold pieces
 48788 | Vaults:5 | Bought a scroll of enchant armour for 97 gold pieces
 48840 | Vaults:5 | Got a silver rune of Zot
 48977 | Vaults:5 | Reached skill level 15 in Armour
 49088 | Vaults:5 | Identified the +3 leather armour "Rahikyug" {rPois Int+4}
 49238 | Vaults:5 | Identified the +3 chain mail "Ilublogh" {Rampage Str+3
                  | Int+4}
 50055 | D:14     | Reached skill level 1 in Air Magic
 50161 | D:14     | Found a runed translucent gate.
 50162 | D:14     | Noticed Ineisoh's ghost (journeyman DjFE)
 50164 | D:14     | Found a runed translucent gate.
 50165 | D:14     | Found a runed translucent gate.
 50167 | D:14     | Identified the +8 chain mail of Curiosity {Harm Rampage
                  | Str+4}
 50822 | D:14     | Found the +10 zealot's sword {holy, *Rage rN+ EV+3}
 50989 | D:14     | Killed Ineisoh's ghost
 51087 | D:15     | Entered Level 15 of the Dungeon
 51088 | D:15     | Found a radiant altar of Vehumet.
 51104 | D:15     | Noticed Rupert
 51111 | D:15     | Killed Rupert
 51255 | D:15     | Found a staircase to the Depths.
 52027 | Depths:1 | Entered Level 1 of the Depths
 52039 | Depths:1 | Reached skill level 5 in Air Magic
 52082 | Depths:1 | Found a runed translucent gate.
 52082 | Depths:1 | Found a runed translucent gate.
 52082 | Depths:1 | Found a runed translucent gate.
 52100 | Depths:1 | Found a gateway to Hell.
 52274 | Depths:1 | Noticed oldriver's ghost (adept NaVM)
 52274 | Depths:1 | Noticed an ancient lich
 52343 | Depths:1 | Found a white marble altar of Elyvilon.
 52697 | Depths:1 | You are sucked into a shaft and drop 1 floor!
 52714 | Depths:2 | Reached skill level 22 in Fighting
 52815 | Depths:1 | Reached XP level 26. HP: 129/156 MP: 29/32
 52947 | Depths:1 | Found Firehown's Book Shop.
 52948 | Depths:1 | Found Isicynn's Jewellery Shoppe.
 52949 | Depths:1 | Found Ethruwn's Book Shop.
 53223 | Depths:2 | Found Ymounn's Book Shoppe.
 53225 | Depths:2 | Found Kiun's Distillery.
 53228 | Depths:2 | Found Fynopi's Armour Shoppe.
 53231 | Depths:2 | Bought a manual of Armour for 1680 gold pieces
 53233 | Depths:2 | Bought a potion of haste for 200 gold pieces
 53233 | Depths:2 | Bought a potion of resistance for 200 gold pieces
 53233 | Depths:2 | Bought a potion of magic for 160 gold pieces
 53233 | Depths:2 | Bought a potion of resistance for 200 gold pieces
 53233 | Depths:2 | Bought a potion of lignification for 60 gold pieces
 53233 | Depths:2 | Bought a potion of lignification for 60 gold pieces
 53289 | Depths:2 | Gained mutation: You are clumsy. (Dex -2) [a neqoxec]
 53491 | Depths:2 | Found a one-way gate leading to the halls of Pandemonium.
 53985 | Depths:2 | Found the necklace of Bloodlust {*Rage Will++ Int-3 Slay+6}
 54836 | Depths:3 | Identified the +6 hand crossbow of Generosity {speed, rPois
                  | Int+2}
 54836 | Depths:3 | Identified the ring of Utsief {rCorr Int+3}
 54844 | Depths:3 | Identified the +0 scale mail of Satisfaction {*Slow Int+3
                  | SInv}
 54852 | Depths:3 | Identified the ring "Suolitogh" {rF+ Dex+6}
 54853 | Depths:3 | Got Sif Muna's Handbook of Aerial Dislocation
 54998 | Depths:3 | Gained mutation: You are very weak. (Str -4) [a shining
                  | eye]
 55005 | Depths:3 | Noticed a juggernaut
 55008 | Depths:3 | Noticed a juggernaut
 55015 | Depths:3 | Killed a juggernaut
 55024 | Depths:3 | Killed a juggernaut
 55103 | Depths:3 | Identified the +5 broad axe of Veatenel {spect, rElec
                  | Will+}
 55242 | Depths:3 | Found a runed translucent door.
 55243 | Depths:3 | Found a runed translucent door.
 55387 | Depths:3 | Reached XP level 27. HP: 157/161 MP: 33/33
 55769 | Depths:3 | Found a one-way gate to the infinite horrors of the Abyss.
 55838 | Depths:3 | Paralysed by a floating eye for 2 turns
 55902 | Depths:3 | Found a burning altar of Makhleb.
 55921 | Depths:3 | Reached skill level 23 in Fighting
 56353 | Depths:4 | Entered Level 4 of the Depths
 56478 | Depths:4 | Noticed the Enchantress
 56510 | Depths:4 | Killed the Enchantress
 56661 | Depths:4 | Found a one-way gateway to a ziggurat.
 56818 | Depths:4 | Found a gate to the Realm of Zot.
 56829 | Zot:1    | Entered Level 1 of the Realm of Zot
 56844 | Zot:1    | HP: 7/246 [golden dragon (18)]
 56844 | Zot:1    | Mangled by a golden dragon

Illustrated notes

Levels and vault maps discovered:
D:1:      erik_arrival_blinker_ship, layout_loops_ring,
          chequers_ecumenical_altar_twisty
D:2:      layout_loops_ring
D:3:      layout_basic
D:4:      layout_cave_pools, minmay_temple_entry_stoned_glass, serial_shops,
          shop, uniq_edmund, uniq_eustachio
D:5:      layout_cave_pods, uniq_duvessa, uniq_pikel
D:6:      layout_rooms
D:7:      layout_rooms, grunt_temple_overflow_open
D:8:      layout_loops_corners, serial_shops, shop, kennysheep_dice, uniq_grum,
          uniq_harold
D:9:      layout_stronghold, mainiacjoe_overflow_concentric_impassable,
          kennysheep_little_box, erik_orc_2
D:10:     layout_grid_maze
D:11:     layout_rooms, lair_entry_dummy
D:12:     layout_stronghold, serial_column_ruins, column_ruins_columns_corner,
          column_ruins_open_medium, column_ruins_grid_3,
          column_ruins_corridor_T, serial_shops, kennysheep_mini_moat
D:13:     layout_roguey [special_room_orc], david_vaults_4, minivault_25,
          minmay_orc_keep
D:14:     hangedman_screamer, layout_loops_corners, biasface_ghost_orc_armoury,
          gauntlet_entry_generic, minmay_misc_feat_tower,
          hangedman_cracks_in_the_wall
D:15:     gammafunk_depths_entry_grave, layout_rooms,
          nicolae_vehumet_altar_sigil, hangedman_decor_opposing, hex_large,
          drop_trap, minmay_puff, uniq_rupert
Lair:1:   layout_misc_corridors, chequers_serial_rivers_micro_d,
          grunt_megastairs_3
Lair:2:   layout_chaotic_city, nicolae_quartered_pool_little,
          chequers_serial_rivers_small_b, uniq_erica, uniq_prince_ribbit2
Lair:3:   layout_concentric_octagons, swamp_mist, guppyfry_snake_entry_island,
          st_stairs_13, uniq_urug
Lair:4:   layout_roguey, uniq_sonja, uniq_nergalle
Lair:5:   layout_cave_pods, minivault_25
Lair:6:   minmay_lair_end_frog_pond, layout_hall_layers,
          dpeg_slime_entry_enclosed_altar
Swamp:1:  layout_basic_swamp, nicolae_swamp_feature_on_the_river_bank,
          infiniplex_staircase_pool
Swamp:2:  layout_basic_swamp, evilmike_swamp_ruin_house_1, uniq_frances
Swamp:3:  layout_falls_marsh, evilmike_swamp_ruin_rubble_2
Swamp:4:  swamp_alternative, layout_basic_swamp,
          portal_ice_cave_entry_ice_simulacra, nicolae_swamp_big_swirl,
          infiniplex_staircase_pool_2, uniq_mara
Snake:1:  layout_honeycomb, uniq_louise
Snake:2:  layout_onion
Snake:3:  layout_misc_corridors, lemuel_fruit_tree
Snake:4:  minmay_snake_end_coiled, layout_basic, nrook_loot_triangle
Slime:1:  layout_caves
Slime:2:  layout_caves
Slime:3:  layout_caves, nicolae_slime_welcoming_committee
Slime:4:  layout_caves
Slime:5
Orc:1:    layout_caves, basic_altar
Orc:2:    kennysheep_orc_mage_school, layout_diamond_mine
Elf:1:    layout_geoelf_grid, minmay_elf_crystal_hexagon, uniq_donald,
          uniq_roxanne, uniq_nikola
Elf:2:    nicolae_elf_blades_crystal_corner, layout_geoelf_grid, serial_shops,
          nicolae_shop_advertising_works [nicolae_subvault_shop_adworks],
          due_unseen_surprise, lemuel_upstairs_altar
Elf:3:    grunt_elf_hall_branching, layout_loops_corners, uniq_asterion
Vaults:1: dpeg_vaults_monster_box, hangedman_vaults_river_flow,
          ontoclasm_vaults_hangar, vaults_dpeg_encased_lava,
          nicolae_vaults_specimen_jars, v_misc_5,
          nicolae_vaults_network_barrier, st_octagons_1, vaults_room_pool,
          vaults_dpeg_spiral, v_misc_30, v_misc_9, ontoclasm_vaults_misaligned,
          layout_vaults_omnibox, serial_shops, shop
Vaults:2: portal_desolation_entry_ruin, v_misc_10,
          nicolae_vaults_twisting_passages, nicolae_vaults_network_star,
          v_rooms_6, v_misc_15, v_misc_19,
          nicolae_vaults_windows_and_doors_thing, ontoclasm_vaults_tryst,
          vaults_room_door_hall, nicolae_vaults_rhombus_6,
          layout_vaults_omnigrid
Vaults:3: ontoclasm_vaults_chip, v_misc_19, nicolae_vaults_ninety_degrees,
          v_misc_12, minmay_crypt_entry_simple_walls, v_misc_3, v_misc_30,
          nicolae_vaults_little_squares_3, ontoclasm_vaults_chip,
          vaults_dpeg_diagonal, ontoclasm_vaults_gateway,
          layout_vaults_chaotic_city, uniq_mennas
Vaults:4: nicolae_vaults_circle_grid_a, vaults_mumra_lcd, v_rooms_1, v_misc_1,
          v_misc_18, nicolae_vaults_halls_meeting,
          nicolae_vaults_network_square, grunt_vaults_bifocal,
          ontoclasm_vaults_idyll, nicolae_vaults_little_squares_6,
          hangedman_vaults_trim, dpeg_vaults_monster_row,
          ontoclasm_vaults_pinch, layout_vaults_maze_snakey, uniq_bai_suzhen
Vaults:5
Depths:1: layout_long_grid, nicolae_hell_entry_hellmouth_sunbeams,
          grunt_decor_resistance, gammafunk_ghost_necromancy,
          minmay_misc_feat_five, elyvilon_altar_3, minmay_shop_grove
Depths:2: minmay_tile_spiral, layout_honeycomb, rand_demon_pan_entry_7,
          grunt_hell_entry_dis_grunt, nicolae_sextant, grunt_decor_cap,
          minmay_shop_star, infiniplex_staircase_trident
Depths:3: minmay_the_grid_ultimate [minmay_the_grid_prize_four_corners,
          minmay_the_grid_prize_shrinking_boxes,
          minmay_the_grid_prize_four_corners_diamond_b,
          minmay_the_grid_prize_big_room, minmay_the_grid_square_5x5_plus,
          minmay_the_grid_square_5x5_eight,
          minmay_the_grid_square_5x5_checkered, minmay_the_grid_square_5x5_two,
          minmay_the_grid_square_5x5_inner_z, minmay_the_grid_square_5x5_spiral,
          minmay_the_grid_square_5x5_bridge,
          minmay_the_grid_square_5x5_checkered_statues,
          minmay_the_grid_square_5x5_six, minmay_the_grid_square_5x5_hourglass,
          minmay_the_grid_square_5x5_empty, minmay_the_grid_square_5x5_comb,
          minmay_the_grid_square_5x5_misaligned,
          minmay_the_grid_square_5x5_pentomino_r,
          minmay_the_grid_square_5x5_slash,
          minmay_the_grid_triangle_9x9_tough_junction,
          minmay_the_grid_triangle_9x9_minimal,
          minmay_the_grid_triangle_9x9_negative_grid,
          minmay_the_grid_triangle_9x9_thin_v,
          minmay_the_grid_triangle_9x9_impossible_snake,
          minmay_the_grid_triangle_9x9_windchime,
          minmay_the_grid_triangle_9x9_longest,
          minmay_the_grid_triangle_9x9_corrupted_corridor,
          minmay_the_grid_triangle_9x9_alien,
          minmay_the_grid_triangle_9x9_zippers_vertical,
          minmay_the_grid_triangle_9x9_checkered,
          minmay_the_grid_triangle_9x9_flanged_cone,
          minmay_the_grid_triangle_9x9_shrine,
          minmay_the_grid_triangle_9x9_odd_lines,
          minmay_the_grid_triangle_9x9_cache,
          minmay_the_grid_triangle_9x9_empty,
          minmay_the_grid_square_5x5_bracketed,
          minmay_the_grid_octo_checkerflower, minmay_the_grid_octo_fat_diamond,
          minmay_the_grid_octo_clover_2, minmay_the_grid_octo_chip,
          minmay_the_grid_octo_focus, minmay_the_grid_octo_toaster,
          minmay_the_grid_octo_thin_diamonds, minmay_the_grid_octo_fan_narrow,
          minmay_the_grid_minigrid_small_alt, minmay_the_grid_garden,
          minmay_the_grid_holed_spiral, minmay_the_grid_broken_lines],
          abyss_entry, pan_entry, hell_entry
Depths:4: grunt_zot_entry_bicorn, layout_gridlike, enter_ziggurat_a,
          nicolae_hell_entry_big_baal_hell, uniq_saint_roka, uniq_enchantress
Zot:1:    grunt_zot_stairs_overgrown, layout_onion_interference,
          hangedman_zot_decor_scrapings

Skill      XL: |  1  2  3  4  5  6  7  8  9 10 11 12 13 14 15 16 17 18 19 20 21 22 23 24 25 26 27 |
---------------+----------------------------------------------------------------------------------+-----
Fighting       | 3 4 5 6 7 8 9 11 12 13 14 15 16 18 19 20 21 22 23 | 23.0
Spellcasting   | 1 2 3 5 7 8 |  8.0
Armour         | 3 4 5 6 7 8 9 10 11 13 14 15 19 | 19.0
Stealth        | 3 5 7 8 9 11 | 11.0
Shields        | 3 4 5 6 10 11 13 14 15 16 17 | 17.0
Invocations    | 2 4 5 7 9 10 11 12 15 17 18 | 18.0
Long Blades    | 1 |  1.4
Maces & Flails | 3 5 6 7 8 9 10 11 12 13 14 | 14.0
Dodging        | 2 4 5 6 |  6.0
Evocations     | 3 5 7 8 10 12 14 15 16 | 16.4
Throwing       | 2 3 4 6 |  6.0
Poison Magic   | 3 4 |  4.0
Translocations | 2 |  2.0
Air Magic      | 8 |  8.7

Action                   |  1- 3 |  4- 6 |  7- 9 | 10-12 | 13-15 | 16-18 | 19-21 | 22-24 | 25-27 || total
-------------------------+-------+-------+-------+-------+-------+-------+-------+-------+-------++-------
Melee: Flail             |    74 |    37 |   262 |   482 |    19 |       |   312 |   991 |  1280 ||  3457
       Bite              |    14 |    24 |   114 |   238 |   851 |   877 |   886 |   592 |   822 ||  4418
       Falchion          |       |    27 |       |       |       |       |       |       |       ||    27
       Whip              |       |       |       |       |  1516 |  1569 |  1110 |       |       ||  4195
Throw: Dart              |       |    12 |     7 |    25 |    38 |    11 |       |       |       ||    93
       Boomerang         |       |     4 |     5 |       |     6 |       |     7 |       |       ||    22
       Throwing net      |       |       |       |     7 |     4 |     1 |     3 |       |       ||    15
       Javelin           |       |       |       |       |    11 |    25 |       |       |       ||    36
 Cast: Poisonous Vapours |       |       |       |     1 |       |       |       |       |       ||     1
Invok: Divine Shield     |       |     2 |     1 |       |     1 |     4 |     6 |     1 |     2 ||    17
       Summon Divine War |       |       |       |       |     2 |     7 |    13 |     7 |     1 ||    30
       Cleansing Flame   |       |       |       |       |     2 |    16 |    23 |    20 |     1 ||    62
Evoke: Wand              |       |       |     1 |     7 |     2 |     7 |     2 |     4 |       ||    23
       Phantom mirror    |       |       |       |       |     2 |     6 |     6 |     6 |     4 ||    24
       Tin of tremorston |       |       |       |       |       |       |    11 |    14 |     7 ||    32
       Lightning rod     |       |       |       |       |       |       |    10 |    15 |    13 ||    38
       Box of beasts     |       |       |       |       |       |       |     2 |     9 |     3 ||    14
       Piece from Xom's  |       |       |       |       |       |       |       |     3 |       ||     3
  Use: Potion            |       |       |     1 |     1 |       |     3 |     1 |       |       ||     6
       Scroll            |       |       |     8 |     4 |    13 |    10 |    11 |     5 |     6 ||    57
Armor: Scale mail        |    24 |    28 |       |       |       |       |       |       |       ||    52
       Leather armour    |       |       |   120 |    23 |       |       |       |       |       ||   143
       Plate armour      |       |       |       |   407 |  1081 |  1059 |   871 |   438 |   573 ||  4429
Dodge: Dodged            |    32 |    42 |   196 |   178 |   525 |   404 |   371 |   339 |   327 ||  2414
Block: Buckler           |    14 |    26 |    87 |   127 |   400 |   166 |       |       |       ||   820
       Kite shield       |       |       |       |       |       |   751 |    80 |       |       ||   831
       Tower shield      |       |       |       |       |       |       |  1313 |  1108 |  1425 ||  3846

Table legend: (Time is in decaauts)
 A = Elapsed time spent in this place.
 B = Non-inter-level travel time spent in this place.
 C = Inter-level travel time spent in this place.
 D = Time resting spent in this place.
 E = Time spent auto-exploring this place.
 F = Levels seen in this place.
 G = Mean time per level.
                   A        B        C        D        E       F      G
               +--------+--------+--------+--------+--------+-----+--------+
         Total |  56260 |  50131 |   6129 |   2961 |  30064 |  52 | 1081.9 |
       Dungeon |  15838 |  13397 |   2441 |    484 |   9162 |  15 | 1055.9 |
          Lair |   7215 |   5936 |   1279 |    246 |   3923 |   6 | 1202.5 |
         Swamp |   3007 |   2928 |     79 |     16 |   1826 |   4 |  751.8 |
     Snake Pit |   4775 |   4156 |    619 |     74 |   2420 |   4 | 1193.8 |
    Slime Pits |   4414 |   4051 |    363 |    936 |   1518 |   5 |  882.8 |
  Orcish Mines |   2378 |   2097 |    281 |    646 |    812 |   2 | 1189.0 |
   Elven Halls |   3864 |   3404 |    460 |    124 |   2171 |   3 | 1288.0 |
        Vaults |   8119 |   7645 |    474 |    368 |   4675 |   5 | 1623.8 |
        Depths |   4739 |   4610 |    129 |     61 |   2837 |   4 | 1184.8 |
           Zot |     13 |     13 |      0 |      0 |      0 |   1 |   13.0 |
      Ice Cave |    445 |    445 |      0 |      0 |    209 |   1 |  445.0 |
    Desolation |    691 |    691 |      0 |      6 |    269 |   1 |  691.0 |
      Gauntlet |    758 |    758 |      0 |      0 |    239 |   1 |  758.0 |
               +--------+--------+--------+--------+--------+-----+--------+

Top non-repeatable levels by time:
Depths:3: 1813 daAuts
     D:9: 1771 daAuts
Vaults:2: 1765 daAuts
     D:8: 1706 daAuts
Vaults:5: 1675 daAuts
 Snake:4: 1661 daAuts
Vaults:4: 1616 daAuts
Vaults:1: 1544 daAuts
Vaults:3: 1516 daAuts
    D:14: 1500 daAuts
   Elf:3: 1478 daAuts
  Lair:6: 1440 daAuts
Depths:2: 1436 daAuts
  Lair:3: 1307 daAuts
 Snake:1: 1279 daAuts
